| TOP OF THE 1ST |
|
Buffalo Bisons batting - Pitching for Round Rock Express : LHP Shelby Rich
|
|
Pitching: LHP Shelby Rich
|
|
|
Batting: RHB Cyril Husson
|
0-0: Called Strike 0-1: Foul Ball, location: 2F 0-2: Ball 1-2: Ground out 4-3 (Groundball, 4, EV 83.1 MPH)
|
|
Batting: RHB Francisco Hernandez
|
0-0: Called Strike 0-1: Called Strike 0-2: Foul Ball, location: 2F 0-2: Ball 1-2: Ball 2-2: Ball 3-2: Foul Ball, location: 2F 3-2: Strikes out swinging
|
|
Batting: RHB Itsuo Egami
|
0-0: Ball 1-0: Ball 2-0: Foul Ball, location: 2F 2-1: Fly out, F8 (Line Drive, 8RM, EV 91.2 MPH)
|
| Top of the 1st over - 0 runs, 0 hits, 0 errors, 0 left on base; Buffalo 0 - Round Rock 0 |
| BOTTOM OF THE 1ST |
|
Round Rock Express batting - Pitching for Buffalo Bisons : RHP Edward Saunders
|
|
Pitching: RHP Edward Saunders
|
|
|
Batting: SHB Lorenzo Meza
|
0-0: Ground out 4-3 (Groundball, 4, EV 105.0 MPH)
|
|
Batting: SHB David Simpson
|
0-0: Called Strike 0-1: Ball 1-1: Ground out 4-3 (Groundball, 13, EV 86.9 MPH)
|
|
Batting: LHB Manuel Arguello
|
0-0: Ball 1-0: Swinging Strike 1-1: Ball 2-1: Ball 3-1: Swinging Strike 3-2: Base on Balls
|
|
Batting: RHB Ernie Weathersbee
|
0-0: Ball 1-0: Called Strike 1-1: Foul Ball, location: 2F 1-2: Ball Manuel Arguello steals 2nd base 2-2: Foul Ball, location: 2F 2-2: Fly out, F9 (Flyball, 89D, EV 100.0 MPH)
|
| Bottom of the 1st over - 0 runs, 0 hits, 0 errors, 1 left on base; Buffalo 0 - Round Rock 0 |
| TOP OF THE 2ND |
|
Buffalo Bisons batting - Pitching for Round Rock Express : LHP Shelby Rich
|
|
Batting: RHB Finn Ross
|
0-0: Ball 1-0: Called Strike 1-1: Ball 2-1: Foul Ball, location: 2F 2-2: Ball 3-2: Ground out 6-3 (Groundball, 6, EV 83.8 MPH)
|
|
Batting: RHB Danny Heyer
|
0-0: Ground out 6-3 (Groundball, 6, EV 75.6 MPH)
|
|
Batting: RHB Kyle Davis
|
0-0: Swinging Strike 0-1: Foul Ball, location: 2F 0-2: Ball 1-2: Strikes out swinging
|
| Top of the 2nd over - 0 runs, 0 hits, 0 errors, 0 left on base; Buffalo 0 - Round Rock 0 |
| BOTTOM OF THE 2ND |
|
Round Rock Express batting - Pitching for Buffalo Bisons : RHP Edward Saunders
|
|
Batting: SHB Greg Prime
|
0-0: Called Strike 0-1: Ball 1-1: Ball 2-1: Foul Ball, location: 2F 2-2: Ball 3-2: Base on Balls
|
|
Batting: RHB Bobby Keithley
|
0-0: Swinging Strike 0-1: Ball 1-1: Foul Ball, location: 2F 1-2: Ball 2-2: Ball 3-2: Strikes out swinging
|
|
Batting: RHB Ivan Colon
|
0-0: Ball Greg Prime is caught stealing 2nd base 2-4 1-0: Ball 2-0: Foul Ball, location: 2F 2-1: Foul Ball, location: 2F 2-2: Ball 3-2: Strikes out swinging
|
| Bottom of the 2nd over - 0 runs, 0 hits, 0 errors, 0 left on base; Buffalo 0 - Round Rock 0 |
| TOP OF THE 3RD |
|
Buffalo Bisons batting - Pitching for Round Rock Express : LHP Shelby Rich
|
|
Batting: RHB Jorge Baret
|
0-0: Ball 1-0: Foul Ball, location: 2F 1-1: Ball 2-1: Foul Ball, location: 2F 2-2: SINGLE (Groundball, 4MD, EV 96.2 MPH)
|
|
Batting: RHB Darren McCarty Jr.
|
0-0: Ball Jorge Baret is caught stealing 2nd base 2-4 1-0: Bunt missed! 1-1: Foul Ball, location: 2F 1-2: Foul Ball, location: 2F 1-2: Foul Ball, location: 2F 1-2: Ball 2-2: Foul Ball, location: 2F 2-2: Ground out 6-3 (Groundball, 6M, EV 78.1 MPH)
|
|
Batting: RHB Edward Saunders
|
0-0: Foul Ball, location: 2F 0-1: Foul Ball, location: 2F 0-2: Ball 1-2: Strikes out swinging
|
| Top of the 3rd over - 0 runs, 1 hit, 0 errors, 0 left on base; Buffalo 0 - Round Rock 0 |
| BOTTOM OF THE 3RD |
|
Round Rock Express batting - Pitching for Buffalo Bisons : RHP Edward Saunders
|
|
Batting: RHB Rodolfo Contreras
|
0-0: Foul Ball, location: 2F 0-1: Ball 1-1: Ball 2-1: Swinging Strike 2-2: Strikes out swinging
|
|
Batting: RHB John Loving
|
0-0: Called Strike 0-1: Ball 1-1: Swinging Strike 1-2: Ball 2-2: Strikes out looking
|
|
Batting: SHB Lorenzo Meza
|
0-0: Ball 1-0: Called Strike 1-1: Ball 2-1: Ball 3-1: Foul Ball, location: 2F 3-2: Strikes out looking
|
| Bottom of the 3rd over - 0 runs, 0 hits, 0 errors, 0 left on base; Buffalo 0 - Round Rock 0 |
| TOP OF THE 4TH |
|
Buffalo Bisons batting - Pitching for Round Rock Express : LHP Shelby Rich
|
|
Batting: RHB Cyril Husson
|
0-0: Ball 1-0: Reached on error, E3 (Groundball, 34, EV 90.0 MPH)
|
|
Batting: RHB Francisco Hernandez
|
0-0: Foul Ball, location: 2F 0-1: Ball 1-1: Ball 2-1: Swinging Strike 2-2: Strikes out swinging
|
|
Batting: RHB Itsuo Egami
|
0-0: Called Strike 0-1: Ball 1-1: SINGLE (Line Drive, 89S, EV 108.8 MPH) Cyril Husson to second
|
|
Batting: RHB Finn Ross
|
0-0: Fielders Choice at 2nd, 5-4 (Groundball, 56, EV 81.2 MPH) Cyril Husson to third
|
|
Batting: RHB Danny Heyer
|
0-0: Ball 1-0: Fly out, F9 (Flyball, 89M, EV 82.5 MPH)
|
| Top of the 4th over - 0 runs, 1 hit, 1 error, 2 left on base; Buffalo 0 - Round Rock 0 |
| BOTTOM OF THE 4TH |
|
Round Rock Express batting - Pitching for Buffalo Bisons : RHP Edward Saunders
|
|
Batting: SHB David Simpson
|
0-0: Ball 1-0: Called Strike 1-1: Foul Ball, location: 2F 1-2: Strikes out swinging
|
|
Batting: LHB Manuel Arguello
|
0-0: Ground out 5-3 (Groundball, 56, EV 108.8 MPH)
|
|
Batting: RHB Ernie Weathersbee
|
0-0: Ball 1-0: Called Strike 1-1: Swinging Strike 1-2: Strikes out looking
|
| Bottom of the 4th over - 0 runs, 0 hits, 0 errors, 0 left on base; Buffalo 0 - Round Rock 0 |
| TOP OF THE 5TH |
|
Buffalo Bisons batting - Pitching for Round Rock Express : LHP Shelby Rich
|
|
Batting: RHB Kyle Davis
|
0-0: Foul Ball, location: 2F 0-1: Foul Ball, location: 2F 0-2: Foul Ball, location: 2F 0-2: Ball 1-2: Ball 2-2: Foul Ball, location: 2F 2-2: Strikes out swinging
|
|
Batting: RHB Jorge Baret
|
0-0: Ball 1-0: Foul Ball, location: 2F 1-1: Foul Ball, location: 2F 1-2: Ball 2-2: DOUBLE (Flyball, 8RXD, EV 95.0 MPH)
|
|
Batting: RHB Darren McCarty Jr.
|
0-0: Ground out 6-3 (Groundball, 6, EV 85.6 MPH) Jorge Baret to third
|
|
Batting: RHB Edward Saunders
|
0-0: Ground out 6-3 (Groundball, 6, EV 80.0 MPH)
|
| Top of the 5th over - 0 runs, 1 hit, 0 errors, 1 left on base; Buffalo 0 - Round Rock 0 |
| BOTTOM OF THE 5TH |
|
Round Rock Express batting - Pitching for Buffalo Bisons : RHP Edward Saunders
|
|
Batting: SHB Greg Prime
|
0-0: SINGLE (Groundball, 4D, EV 104.4 MPH)
|
|
Batting: RHB Bobby Keithley
|
0-0: Called Strike 0-1: Swinging Strike 0-2: Ball 1-2: Grounds into double play, 4-6-3 (Groundball, 4, EV 93.8 MPH)
|
|
Batting: RHB Ivan Colon
|
0-0: Ball 1-0: Foul Ball, location: 2F 1-1: Ball 2-1: Called Strike 2-2: Foul Ball, location: 2F 2-2: Foul Ball, location: 2F 2-2: Ball 3-2: SINGLE (Groundball, 6MD, EV 103.1 MPH)
|
|
Batting: RHB Rodolfo Contreras
|
0-0: Ball 1-0: Ball 2-0: Ball 3-0: Swinging Strike 3-1: Base on Balls Ivan Colon to second
|
|
Batting: RHB John Loving
|
0-0: Foul Ball, location: 2F 0-1: Called Strike 0-2: Strikes out looking
|
| Bottom of the 5th over - 0 runs, 2 hits, 0 errors, 2 left on base; Buffalo 0 - Round Rock 0 |
| TOP OF THE 6TH |
|
Buffalo Bisons batting - Pitching for Round Rock Express : LHP Shelby Rich
|
|
Batting: RHB Cyril Husson
|
0-0: Foul Ball, location: 2F 0-1: Ball 1-1: Ground out 5-3 (Groundball, 5, EV 87.5 MPH)
|
|
Batting: RHB Francisco Hernandez
|
0-0: Ball 1-0: Ball 2-0: Ball 3-0: Base on Balls
|
|
Batting: RHB Itsuo Egami
|
0-0: Called Strike 0-1: Ball 1-1: Ball 2-1: Ball 3-1: Called Strike 3-2: Fly out, F8 (Flyball, 8LD, EV 103.1 MPH)
|
|
Batting: RHB Finn Ross
|
0-0: Called Strike 0-1: Ball 1-1: Ball 2-1: Ball Passed Ball! Francisco Hernandez to second 3-1: Base on Balls
|
|
Batting: RHB Danny Heyer
|
0-0: Swinging Strike 0-1: Swinging Strike 0-2: Foul Ball, location: 2F 0-2: Ball 1-2: Strikes out swinging
|
| Top of the 6th over - 0 runs, 0 hits, 0 errors, 2 left on base; Buffalo 0 - Round Rock 0 |
| BOTTOM OF THE 6TH |
|
Round Rock Express batting - Pitching for Buffalo Bisons : RHP Edward Saunders
|
|
Batting: SHB Lorenzo Meza
|
0-0: Ball 1-0: Foul Ball, location: 2F 1-1: Foul Ball, location: 2F 1-2: Ball 2-2: Foul Ball, location: 2F 2-2: Ball 3-2: Foul Ball, location: 2F 3-2: Foul Ball, location: 2F 3-2: Ground out 1-3 (Groundball, 34S, EV 75.0 MPH)
|
|
Batting: SHB David Simpson
|
0-0: Foul Ball, location: 2F 0-1: Ball 1-1: Ball 2-1: SINGLE (Groundball, 4MD, EV 102.5 MPH)
|
|
Batting: LHB Manuel Arguello
|
0-0: Ball 1-0: Ball 2-0: SINGLE (Groundball, 3S, EV 71.9 MPH) (infield hit) David Simpson to second
|
|
Batting: RHB Ernie Weathersbee
|
0-0: Fly out, F8 (Flyball, 78S, EV 81.2 MPH)
|
|
Batting: SHB Greg Prime
|
0-0: Called Strike 0-1: Ball 1-1: Ball 2-1: Ball 3-1: Base on Balls David Simpson to third Manuel Arguello to second
|
|
Batting: RHB Bobby Keithley
|
0-0: Ball 1-0: Ball 2-0: Foul Ball, location: 2F 2-1: Ball 3-1: Swinging Strike 3-2: Fly out, F8 (Flyball, 89D, EV 96.2 MPH)
|
| Bottom of the 6th over - 0 runs, 2 hits, 0 errors, 3 left on base; Buffalo 0 - Round Rock 0 |
| TOP OF THE 7TH |
|
Buffalo Bisons batting - Pitching for Round Rock Express : LHP Shelby Rich
|
|
Batting: RHB Kyle Davis
|
0-0: Called Strike 0-1: Called Strike 0-2: Foul Ball, location: 2F 0-2: Foul Ball, location: 2F 0-2: Foul Ball, location: 2F 0-2: Ball 1-2: DOUBLE (Line Drive, 89D, EV 105.6 MPH)
|
|
Batting: RHB Jorge Baret
|
0-0: Ball 1-0: Foul Ball, location: 2F 1-1: Fly out, F9 (Flyball, 9D, EV 93.8 MPH) Runner from 2nd tags up, SAFE at 3rd, no throw by RF
|
|
Batting: RHB Darren McCarty Jr.
|
0-0: Bunted foul 0-1: Foul Ball, location: 2F 0-2: Ball 1-2: Foul Ball, location: 2F 1-2: Foul Ball, location: 2F 1-2: Ball 2-2: Foul Ball, location: 2F 2-2: Ball 3-2: Base on Balls
|
|
Batting: RHB Edward Saunders
|
0-0: Called Strike 0-1: Ball 1-1: Foul Ball, location: 2F 1-2: Strikes out swinging
|
|
Pitching: RHP Tony Castellanos
|
|
|
Batting: RHB Cyril Husson
|
0-0: Called Strike 0-1: Foul Ball, location: 2F 0-2: Fielders Choice at 2nd, 6-4 (Groundball, 6, EV 91.9 MPH)
|
| Top of the 7th over - 0 runs, 1 hit, 0 errors, 2 left on base; Buffalo 0 - Round Rock 0 |
| BOTTOM OF THE 7TH |
|
Round Rock Express batting - Pitching for Buffalo Bisons : RHP Edward Saunders
|
|
Batting: RHB Ivan Colon
|
0-0: Ball 1-0: Called Strike 1-1: Swinging Strike 1-2: Ball 2-2: Foul Ball, location: 2F 2-2: Ball 3-2: Foul Ball, location: 2F 3-2: SINGLE (Groundball, 56D, EV 102.5 MPH)
|
|
Pitching: RHP Luis Bautista
|
|
|
Batting: RHB Rodolfo Contreras
|
0-0: Ball 1-0: Bunt missed! 1-1: Bunt missed! 1-2: Ball 2-2: Foul Ball, location: 2F 2-2: SINGLE (Flyball, 34D, EV 90.0 MPH) Ivan Colon to second
|
|
Batting: RHB John Loving
|
0-0: Ball 1-0: Bunted foul 1-1: Sac Bunt to 25 - play at first, batter OUT! 5-4 Ivan Colon to third Rodolfo Contreras to second
|
|
Batting: SHB Lorenzo Meza
|
0-0: Ball 1-0: Ball 2-0: Ball 3-0: Called Strike 3-1: Base on Balls
|
|
Batting: SHB David Simpson
|
0-0: Ball 1-0: Fly out, F8 (Line Drive, 89M, EV 91.2 MPH)
|
|
Batting: LHB Manuel Arguello
|
0-0: Swinging Strike 0-1: Foul Ball, location: 2F 0-2: Strikes out swinging
|
| Bottom of the 7th over - 0 runs, 2 hits, 0 errors, 3 left on base; Buffalo 0 - Round Rock 0 |
| TOP OF THE 8TH |
|
Buffalo Bisons batting - Pitching for Round Rock Express : RHP Tony Castellanos
|
|
Batting: RHB Francisco Hernandez
|
0-0: Ball 1-0: Ground out 5-3 (Groundball, 56, EV 98.8 MPH)
|
|
Batting: RHB Itsuo Egami
|
0-0: Called Strike 0-1: Swinging Strike 0-2: Ball 1-2: Strikes out swinging
|
|
Batting: RHB Finn Ross
|
0-0: Ball 1-0: Ball 2-0: Fly out, F9 (Flyball, 89M, EV 91.9 MPH)
|
| Top of the 8th over - 0 runs, 0 hits, 0 errors, 0 left on base; Buffalo 0 - Round Rock 0 |
| BOTTOM OF THE 8TH |
|
Round Rock Express batting - Pitching for Buffalo Bisons : RHP Luis Bautista
|
|
Pitching: LHP Julio Gonzalez
|
|
|
Batting: RHB Ernie Weathersbee
|
0-0: Called Strike 0-1: Ball 1-1: Ball 2-1: Called Strike 2-2: SOLO HOME RUN (Flyball, 7D, EV 98.1 MPH), Distance : 374 ft
|
|
Batting: SHB Greg Prime
|
0-0: Ball 1-0: Foul Ball, location: 2F 1-1: Ball 2-1: Ball 3-1: Foul Ball, location: 2F 3-2: Strikes out swinging
|
|
Batting: RHB Bobby Keithley
|
0-0: Ball 1-0: Ball 2-0: Ground out 6-3 (Groundball, 6, EV 110.6 MPH)
|
|
Batting: RHB Ivan Colon
|
0-0: Called Strike 0-1: Called Strike 0-2: Foul Ball, location: 2F 0-2: Ball 1-2: SOLO HOME RUN (Flyball, 78XD, EV 101.9 MPH), Distance : 393 ft
|
|
Batting: RHB Rodolfo Contreras
|
0-0: Ball 1-0: Called Strike 1-1: SINGLE (Line Drive, 7S, EV 94.4 MPH)
|
|
Batting: RHB John Loving
|
0-0: Called Strike Rodolfo Contreras steals 2nd base 0-1: Foul Ball, location: 2F 0-2: Fly out, F7 (Flyball, 7, EV 86.9 MPH)
|
| Bottom of the 8th over - 2 runs, 3 hits, 0 errors, 1 left on base; Buffalo 0 - Round Rock 2 |
| TOP OF THE 9TH |
|
Buffalo Bisons batting - Pitching for Round Rock Express : RHP Tony Castellanos
|
|
Pitching: RHP Kurt Vitta
|
|
|
Batting: RHB Danny Heyer
|
0-0: Ball 1-0: Fly out, F8 (Flyball, 8RD, EV 83.1 MPH)
|
|
Batting: RHB Kyle Davis
|
0-0: Called Strike 0-1: Swinging Strike 0-2: Foul Ball, location: 2F 0-2: Ground out 6-3 (Groundball, 6, EV 87.5 MPH)
|
|
Batting: RHB Jorge Baret
|
0-0: Ball 1-0: Ball 2-0: Ball 3-0: Called Strike 3-1: Swinging Strike 3-2: SINGLE (Line Drive, 9S, EV 106.9 MPH)
|
|
Batting: RHB Darren McCarty Jr.
|
0-0: Ball 1-0: Foul Ball, location: 2F 1-1: Ground out 4-3 (Groundball, 4, EV 88.8 MPH)
|
| Top of the 9th over - 0 runs, 1 hit, 0 errors, 1 left on base; Buffalo 0 - Round Rock 2 |
|